[Event "Swietokrzyskie GM Chess-ch 2022"]
[Site "Zagnansk"]
[Date "2022.05.04"]
[Round "7.2"]
[White "Samunenkov, FM Ihor"]
[Black "Fus, FM Jakub"]
[Result "0-1"]
[ECO "A45"]
[WhiteElo "2372"]
[BlackElo "2377"]
[Annotator "TA"]
[PlyCount "190"]
[EventDate "2022.04.29"]
[EventCountry "POL"]
[SourceTitle "playchess.com"]
[Source "ChessBase"]
[SourceQuality "1"]
[TimeControl "40/5400+30:1800+30"]

1. d4 Nf6 2. g3 d5 3. Nf3 Bf5 4. c4 e6 5. Nc3 h6 6. Qb3 Nc6 7. Bd2 Rb8 8. cxd5 exd5 9. Bg2 Be7 10. Rc1 O-O 11. O-O Be4 12. Qa4 a6 13. Bf4 Bd6 14. Nxe4 Nxe4 15. Ne5 Ne7 16. Bxe4 dxe4 17. Qc2 f5 18. Qb3+ Kh7 19. Nf7 Qd7 20. Nxd6 cxd6 21. Qb6 Rf6 22. Qa5 Nc6 23. Qb6 Ne7 24. Qa5 b6 25. Qxa6 Nd5 26. Qc4 Qe6 27. Bd2 Rbf8 28. f3 e3 29. Bc3 (29. Be1 $11) 29... h5 $15 30. Kh1 g5 31. Rg1 g4 32. Rcf1 Kg7 33. Qd3 Rg6 34. h3 $2 (34. a4 $11 {and White is okay.}) 34... gxh3 $19 35. Kh2 Kh6 36. f4 (36. Kxh3 f4+ 37. g4 hxg4+ 38. Rxg4 Rxg4 39. fxg4 Kg7) 36... Rfg8 37. Rf3 h4 38. Be1 Rg4 39. a4 {[%emt 0:00:51] [#]} Qg6 $2 (39... Rxf4 $3 $19 40. b3 (40. gxf4 $2 Rxg1 41. Bxh4 Nxf4 $19) (40. Rxf4 $2 Nxf4 41. Qb5 Nd5 $19) 40... Rxf3 41. exf3 hxg3+ 42. Rxg3 Nf4) 40. b4 $2 (40. Qb3 $15 Nf6 41. Rxe3) 40... Rc8 $2 (40... Kh7 $1 $19 {[%cal Od5f4] White must now prevent ...Nxf4!} 41. a5 Nxb4 $1 ) 41. Qb1 $1 $15 Rg8 (41... Kh7 $15 42. a5 Rg8) 42. Qb3 (42. Qd3 $1 $11) 42... Nf6 (42... Qe6 $1 $15) 43. Qxe3 Ne4 (43... Qh5 $5 44. Kh1 Ne4 $17) 44. a5 bxa5 (44... hxg3+ 45. Bxg3 b5 46. a6) 45. bxa5 d5 (45... hxg3+ 46. Bxg3 Re8 47. Qa3) 46. Qd3 Rc8 (46... hxg3+ 47. Bxg3 Kh7 48. a6) 47. Qb1 Kh5 48. Qd1 Qd6 49. Qd3 Rc1 50. Qe3 $2 {[%emt 0:00:29][%mdl 8192] [#]} (50. Kxh3 $11 {and White stays safe.} Qd8 51. Kg2) 50... Ra1 $2 (50... hxg3+ 51. Rfxg3 Nxg3 52. Qe8+ Qg6 53. Qh8+ Qh6 54. Qe8+ Qg6 55. Qh8+ Qh6 56. Qe8+ Qg6 $11) (50... Rxe1 $1 $19 51. Rxe1 hxg3+ 52. Kxh3 Rh4+ 53. Kg2 Qd8 54. Rxg3 Nxg3) 51. Kxh3 $11 hxg3 (51... Qa6 $5 52. Qd3 (52. gxh4 $2 Ra2 $19) 52... Qxd3 53. Rxd3 (53. exd3 Nxg3 54. Bf2 Ra2 $17) 53... Nxg3 $15) 52. Bxg3 Rxa5 53. Kh2 ({White should try} 53. Qc1 $11) 53... Ra2 $15 54. Bf2 Qa6 55. Rh3+ Kg6 $1 56. Rxg4+ $4 (56. Rc1 $17 Rxe2 57. Rc6+ Qxc6 58. Qxe2) 56... fxg4 $19 57. f5+ Kf7 $1 (57... Kg7 58. Qf4 gxh3 59. Qc7+ Kf6 60. Qd8+ Kxf5 61. Qxd5+ Kf6 62. Qd8+ Ke6 63. Qe8+ Kd6 64. Qg6+ Kd5 65. Qf5+ Kd6 66. Qg6+ Kc7 67. Qf7+ Kd8 68. Bh4+ Kc8 69. Qe8+ Kc7 70. Qd8+ Kc6 71. Qe8+ Kd5 72. Qe5+ Kc4 73. Qxe4 $11) 58. Qb3 gxh3 59. Qxd5+ Kf8 $2 ({Better is} 59... Kg7 $19 60. Qxe4 Qxe2 61. Qb7+ Kh6 62. Qb6+ Kg5 63. Qg6+ Kf4 64. Qd6+ Kf3 65. Qg3+ Ke4 66. Qe5+ Kd3 67. Qg3+ Kc4 68. Qg8+ Kb4 69. Qf8+ Kc3 70. Qc5+ Kb3 71. Qd5+ Kb2 72. Qb7+ Kc2 73. Qc7+ Kb1 74. Qb7+ Kc2 75. Qc6+ Kd2 76. Qh6+ Kd3 77. Qxh3+ Kc4 78. Qh4 Qxf2+ 79. Qxf2 Rxf2+ 80. Kg3 Rxf5 81. Kg4 Rf8 82. Kg3 Kxd4 83. Kg4 Ke5 84. Kg3 Ke4 85. Kg4 Rg8+ 86. Kh5 Kf4 87. Kh6 Kf5 88. Kh7 Rg6 89. Kh8 Ke6 90. Kh7 Kf7 91. Kh8 Rh6#) 60. Qd8+ $11 Kf7 61. Qd5+ Kg7 (61... Kf8 $5 62. Qd8+ Kf7 63. Qd7+ Kg8 64. Qe8+ Kh7 65. Qe7+ Kh8 66. Qd8+ (66. Qxe4 Rxe2 67. Qf3 Qa2 $11) 66... Kh7 67. Qe7+ Kh8 68. Qd8+ (68. Qxe4 Rxe2 69. Qh4+ Kg7 $11) 68... Kh7 69. Qe7+ $11) 62. Qxe4 $4 (62. Qd7+ $11 Kh6 63. Be3+ Ng5 64. Bxg5+ Kxg5 65. Qe7+ Kxf5 66. Qe5+ Kg6 67. Qe8+ Kf6 68. Qh8+ Kf5 69. Qe5+ Kg6 70. Qe8+ Kf6 71. Qd8+ Ke6 72. Qg8+ Kd6 73. Qg3+ Kd5 74. Qe5+ Kc4 75. Kxh3) 62... Qxe2 $19 63. Qb7+ Kh6 $2 (63... Kf6 $19 64. Qc6+ Kg5 65. Qg6+ Kf4 66. Qd6+ Ke4 67. Qe5+ Kd3 68. Qg3+ Kc4 69. Qg8+ (69. Qc7+ $2 Kb3 $19) 69... Kb4 70. Qb8+ Kc3 71. Qg3+ Kc4 72. Qg8+ (72. Qc7+ $2 Kb3 $19) 72... Kb4 73. Qf8+ Kb3 74. Qf7+ Kc3 75. Qc7+ Kb2 76. Qb7+ Kc2 77. Qc7+ Kd1) 64. Qc6+ $2 (64. Qb6+ $11 Kg5 65. Qd8+ Kg4 66. Qg8+ Kf3 67. Qg3+ Ke4 68. Qh4+ (68. Qe5+ $2 Kd3 $19) 68... Kd3 69. Qg3+ Ke4 70. Qh4+ (70. Qe5+ $2 Kd3 $19) 70... Kd3 71. Qg3+ Kc4 72. Qg8+ (72. Qc7+ $2 Kb3 $19) 72... Kb4 73. Qf8+ Kc3 74. Kxh3 Qxf2 75. Qc5+ Kd3 76. Qb5+ Kxd4 77. Qd7+ Ke3 78. Qe6+ Kf4 79. Qc4+ Kxf5 80. Qd5+ Kf4 81. Qf7+ Ke5 82. Qe8+ Kf6 83. Qh8+ Kf7 84. Qh5+ Kf6 85. Qh8+ Kg6 86. Qg8+ Kf6 87. Qh8+) 64... Kg5 65. Qg6+ Kf4 66. Qg3+ Ke4 $1 (66... Kxf5 67. Qxh3+ Qg4 68. Qxg4+ Kxg4 69. Kg2 $11) 67. Qe5+ Kd3 68. Qg3+ Kc4 69. Qc7+ Kb3 70. Qb8+ Kc2 71. Qg3 Kb1 $2 (71... Rb2 $1 $19 72. d5 Rb4) 72. Qg1+ $15 Kb2 $1 73. Kxh3 Ra3+ ({Stronger than} 73... Qh5+ 74. Kg2 $17) 74. Bg3 $1 Qh5+ 75. Kg2 Qf3+ ({Black should play} 75... Rc3 $1 $17 {( -> ...Qg4)} 76. Qf1 Rc2+ 77. Kg1 Rc1) 76. Kh2 $2 (76. Kh3 $15) 76... Ra2 77. Qe1 Kb3+ 78. Kh3 {[%emt 0:00:05] [#]} Qh5+ $2 (78... Re2 $1 $19 79. Qb1+ Rb2) 79. Bh4 $15 Qxf5+ 80. Kg3 Qd3+ 81. Kg4 Qxd4+ ({Not} 81... Rg2+ 82. Bg3 $17) 82. Kh3 $2 (82. Kh5 $15) 82... Qd7+ 83. Kg3 Qd3+ 84. Kf4 {[%emt 0:00:56] [#]} Ra4+ $1 85. Kg5 Qd8+ 86. Kh5 Qh8+ 87. Kg5 Qg7+ 88. Kf5 Qg4+ 89. Ke5 Qd4+ 90. Kf5 Qf4+ 91. Kg6 Ra6+ 92. Kg7 Qh6+ 93. Kf7 Qh7+ 94. Ke8 Ra8+ 95. Bd8 Qg8+ 0-1

[Event "Swietokrzyskie GM Chess-ch 2022"]
[Site "Zagnansk"]
[Date "2022.05.04"]
[Round "7.3"]
[White "Tazbir, GM Marcin"]
[Black "Pacan-Milej, FM Kosma"]
[Result "1/2-1/2"]
[ECO "E62"]
[WhiteElo "2506"]
[BlackElo "2404"]
[Annotator "TA"]
[PlyCount "41"]
[EventDate "2022.04.29"]
[EventCountry "POL"]
[SourceTitle "playchess.com"]
[Source "ChessBase"]
[SourceQuality "1"]
[TimeControl "40/5400+30:1800+30"]

1. c4 Nf6 2. Nf3 g6 3. Nc3 Bg7 4. d4 O-O 5. g3 d6 6. Bg2 Nc6 7. O-O e5 8. dxe5 dxe5 9. Bg5 h6 10. Qxd8 Rxd8 11. Bxf6 {[%emt 0:00:05] E62: King's Indian: Fianchetto: 6...c6 and Panno Variation (6...Nc6) without ...a6.} Bxf6 12. Nd5 Kg7 13. Nxc7 {[%emt 0:00:05] White is slightly better.} Rb8 14. e4 Be7 15. Nd5 Bc5 {[%emt 0:00:06] [#]} 16. b3 $1 $146 {[%emt 0:01:32][%mdl 8] A relevant novelty.} ({Predecessor:} 16. Rfd1 Be6 17. b3 a5 18. Rd2 a4 19. bxa4 Ra8 20. Nc7 Rxd2 21. Nxd2 Rxa4 22. Nxe6+ fxe6 {½-½ (92) Giri,A (2780)-Dubov,D (2710) chess24.com INT 2021}) 16... a5 17. Rab1 Be6 18. Rfd1 Rbc8 19. Rd2 f6 20. Rbd1 Kf7 21. Bf1 {[%emt 0:02:23] Weighted Error Value: White=0.04 (flawless) /Black=0.04 (flawless)} 1/2-1/2

[Event "Swietokrzyskie GM Chess-ch 2022"]
[Site "Zagnansk"]
[Date "2022.05.04"]
[Round "7.4"]
[White "Chatalbashev, GM Boris"]
[Black "Mikrut, IM Dariusz"]
[Result "1-0"]
[ECO "E21"]
[WhiteElo "2539"]
[BlackElo "2361"]
[Annotator "TA"]
[PlyCount "122"]
[EventDate "2022.04.29"]
[EventCountry "POL"]
[SourceTitle "playchess.com"]
[Source "ChessBase"]
[SourceQuality "1"]
[TimeControl "40/5400+30:1800+30"]

1. d4 Nf6 2. Nf3 e6 3. c4 b6 4. Nc3 Bb4 5. e3 Bb7 6. Bd3 O-O 7. O-O d5 8. cxd5 exd5 9. a3 Bd6 10. b4 Nbd7 11. Qb3 c6 {[%emt 0:03:19] was the old line (11...a6).} 12. a4 {[%emt 0:07:50] E52: Nimzo-Indian: Rubinstein: 4...0-0 5 Nf3 d5 6 Bd3 b6.} a5 13. bxa5 Rxa5 14. Ba3 {[%emt 0:00:41] The position is equal.} Bxa3 15. Qxa3 Re8 {[%emt 0:01:48] [#]} 16. Nd2 $146 ({Predecessor:} 16. Rfb1 g6 17. h3 Ba6 18. Bxa6 Rxa6 19. Ne1 Qe7 20. Qxe7 Rxe7 21. Nd3 Ra5 22. g4 Re8 {½-½ (22) Korkus,M (2253)-Dziedzic,A (2182) ICCF email 2017}) 16... Ba6 17. Bxa6 Rxa6 18. Rfc1 Qb8 19. Rab1 Ng4 20. Nf3 Ngf6 21. h3 h6 22. Rc2 Re6 23. Qc1 Qd6 24. Nd2 g5 (24... Re8 $11 {should be considered.}) 25. Nf3 Ne8 26. Qf1 Ra8 27. Qd3 Qe7 (27... Nef6 $11) 28. Ne5 $14 Nxe5 29. dxe5 Qd8 (29... Rxe5 $142 30. Rxb6 Qc7) 30. f4 {[%emt 0:05:47] White is more active.} Ng7 31. Rcb2 Rb8 {[%emt 0:02:54] [#]} (31... f6 $16) 32. Kh1 (32. Ne2 $1 $18 ) 32... f6 33. exf6 (33. Qg6 $2 f5 34. Qxe6+ Nxe6 $19) 33... Qxf6 34. Rxb6 Rbe8 35. fxg5 Qxg5 36. e4 {[%emt 0:06:42] next Rb8 is good for White.} (36. Rb7 $2 Rxe3 37. Qd4 Nf5 $19) 36... dxe4 (36... Rg6 $1 $11 37. Qf3 (37. g4 h5 $11) 37... Rf8) 37. Qc4 $16 Kh7 38. Rxc6 Rxc6 39. Qxc6 Qf5 40. Qb5 (40. Rb6 $2 Qf1+ 41. Kh2 Qf4+ 42. Kh1 Re6 $19) 40... Re5 (40... e3 $142) 41. Qc4 (41. Qb7 e3 $14) 41... e3 42. Rb8 Re6 (42... e2 $2 43. Qg8+ (43. Nxe2 Qf1+ 44. Kh2 Qxe2 $11) 43... Kg6 44. Rb6+ Re6 45. Rxe6+ Qxe6 46. Qxe6+ Nxe6 47. Nxe2 $18) 43. Ne2 Qe5 (43... Qe4 $16 44. Qa2 (44. Qc8 Re8 $14) 44... Qd3) 44. Qd3+ (44. Qc8 $6 Qa1+ 45. Kh2 Qe5+ 46. g3 Rf6 $14) (44. Rf8 $18) 44... Qe4 45. Qb3 Qf5 {[%emt 0:01:53] Prevents Rf8.} 46. Qc4 ({But not} 46. Rb7 $6 Qf1+ 47. Kh2 Rg6 48. Rxg7+ Rxg7 49. Qc2+ Rg6 50. Qc7+ Rg7 51. Qc2+ Kh8 52. Qc8+ Rg8 53. Qc3+ (53. Qc6 Kh7 $11) 53... Kh7 54. Qc7+ Rg7 55. Qc2+ $11) (46. Kh2 $16) 46... Qe4 (46... Qe5 $1 $11 {keeps the balance.} 47. Rf8 (47. Qc8 Qa1+ 48. Kh2 Qe5+ 49. g3 Rf6 $16) 47... h5 48. Qc2+ Qe4) 47. Qa2 $36 {[%emt 0:03:24][%mdl 2048] White is in control.} Qf5 {[%emt 0:01:38] Prevents Rf8.} (47... Qd3 $16 48. Rc8 h5) 48. a5 $18 {[%emt 0:03:30] Threatens to win with a6.} Qd3 49. Rb6 (49. Rb3 $18 Qd1+ 50. Kh2) 49... Qd1+ $14 50. Ng1 Re5 {[%emt 0:02:24] Hoping for ...e2.} 51. Qf7 {[%emt 0:01:13] White wants to mate with Rg6.} Qh5 {[%emt 0:01:50] Inhibits Rg6.} 52. Qf1 {[%emt 0:02:28] g4 is the strong threat.} (52. Qf4 $5 Re8 53. Qb4 $14) 52... Rxa5 $2 {[%emt 0:01:31][%mdl 8192] This costs Black the game.} (52... e2 $11 53. Qe1 Rxa5) 53. Qd3+ $18 Qf5 54. Qxe3 Qg5 55. Qd3+ Qf5 {[%emt 0:01:01] [#]} 56. Qd6 Qh5 57. Nf3 {[%emt 0:00:25] Against Re5. Strongly threatening Rb7.} Rd5 58. Qf4 Rf5 (58... Rd7 $142 59. h4 Re7) 59. Qe4 {[%emt 0:00:43] Black must now prevent Nd4. White is clearly winning.} Qe8 (59... Kg8 $142 60. Qe3 Rf7 61. Rxh6 Qf5) 60. Qb1 {[%emt 0:00:14] And now Rb7 would win.} Qe3 61. Nh4 {[%emt 0:01:09] Threatening mate with Rb7.} Qe2 {[%emt 0:00:30] Weighted Error Value: White=0.20 (precise) /Black=0.33} 1-0

[Event "Swietokrzyskie GM Chess-ch 2022"]
[Site "Zagnansk"]
[Date "2022.05.04"]
[Round "7.5"]
[White "Szpar, IM Milosz"]
[Black "Budisavljevic, GM Luka"]
[Result "0-1"]
[ECO "C70"]
[WhiteElo "2434"]
[BlackElo "2509"]
[Annotator "TA"]
[PlyCount "120"]
[EventDate "2022.04.29"]
[EventCountry "POL"]
[SourceTitle "playchess.com"]
[Source "ChessBase"]
[SourceQuality "1"]
[TimeControl "40/5400+30:1800+30"]

1. e4 e5 2. Nf3 Nc6 3. Bb5 a6 4. Ba4 Bc5 5. c3 Nge7 6. d4 {[%emt 0:04:23] C70: Ruy Lopez: 3...a6 4 Ba4, Norwegian and Delayed Schliemann.} exd4 7. cxd4 Bb4+ 8. Nc3 {[%emt 0:02:28] White is slightly better.} d5 9. exd5 Qxd5 10. O-O Bxc3 11. bxc3 Bg4 $1 12. Bb3 (12. Bxc6+ {is interesting.} Qxc6 13. Re1 Bxf3 14. gxf3 Kd7 15. d5) 12... Bxf3 13. Qxf3 (13. gxf3 $5 Qh5 14. Kh1 $14) 13... Qxf3 14. gxf3 {[%emt 0:00:05] [#]} Na5 $146 ({Predecessor:} 14... O-O-O 15. Bxf7 Rhf8 16. Be6+ Kb8 17. Bg5 Rxf3 18. Rac1 Rd6 19. Rfe1 Rf8 20. Bh4 Ng6 {1-0 (48) Santos Ruiz,M (2603)-Ivanisevic,I (2604) Dubai 2021}) 15. Ba3 {[%emt 0:11:26] aiming for Rfe1.} Nxb3 16. axb3 Ng6 17. Rfe1+ Kd7 18. Re3 Rae8 19. Kf1 Nh4 20. Rae1 Rxe3 21. Rxe3 $15 {[%emt 0:00:14][%mdl 4096] Endgame KRB-KRN} Re8 {[%emt 0:03:36] Prevents Re7+. ...Rxe3 is the strong threat.} (21... Nf5 $5 22. Re5 g6 $11) 22. Ke2 b5 23. Bb4 Nf5 24. Re4 Re6 25. Rxe6 Kxe6 {[%emt 0:00:26] KB-KN} 26. Ba5 Kd7 27. Bb4 Nh4 28. c4 c6 29. Ke3 f5 30. Bf8 Ng2+ 31. Kd2 g6 32. Bb4 $1 g5 33. Kd3 ({White should try} 33. Bc3 $15) 33... Nf4+ $17 34. Ke3 Ke6 (34... Nh3 $17 {Hoping for ...f4+.} 35. Ke2 h6) 35. Bd2 (35. Ba5 $1 $15) 35... Nh3 36. Be1 $2 (36. Ke2 $17) 36... h6 $19 37. Kd3 Nf4+ 38. Ke3 Nh3 (38... Ng2+ $17 39. Ke2 Nxe1 40. Kxe1 Kf6) 39. Kd3 $1 Kd7 40. Ke3 Kc7 41. Ba5+ Kb7 ({Better is} 41... Kd6 $15 42. Bb4+ Ke6) 42. Ke2 (42. d5 $1 $11) 42... Kc8 $15 43. Bd2 Kd7 44. Kf1 {[%emt 0:01:15] Inhibits Ng1.} Kc7 45. Ba5+ $1 Kb7 46. Ke2 $1 Nf4+ 47. Ke3 Kc8 48. Bb4 Kd7 49. Ba5 h5 50. Bd2 Ke6 51. Ba5 Nh3 $1 {[%emt 0:01:06] Threatens to win with ...f4+.} 52. Be1 {[%emt 0:00:48] [#]} (52. Ke2 $17 {was the only defense.}) 52... Kd7 $1 $19 53. d5 (53. Ke2 $17) 53... c5 54. Kd3 $2 (54. Ba5 {was called for.}) 54... b4 {[%emt 0:00:36] And now ...Ng1 would win.} 55. Ke2 $2 (55. Bd2 f4 56. Bc1) 55... a5 {[%emt 0:01:37] Strongly threatening ...Ng1+.} 56. Bd2 {[%emt 0:00:30] [#]} Ng1+ $1 57. Ke3 f4+ 58. Ke4 Ne2 {[%emt 0:00:02] White must now prevent ...Nd4.} 59. Kf5 Nd4+ 60. Kxg5 Nxf3+ {[%emt 0:00:13] Weighted Error Value: White=0.71/Black=0.16 (very precise)} 0-1

[Event "Swietokrzyskie GM Chess-ch 2022"]
[Site "Zagnansk"]
[Date "2022.05.05"]
[Round "8.1"]
[White "Kowalski, IM Igor"]
[Black "Budisavljevic, GM Luka"]
[Result "1/2-1/2"]
[ECO "A40"]
[WhiteElo "2370"]
[BlackElo "2509"]
[Annotator "TA"]
[PlyCount "102"]
[EventDate "2022.04.29"]
[EventCountry "POL"]
[SourceTitle "playchess.com"]
[Source "ChessBase"]
[SourceQuality "1"]
[TimeControl "40/5400+30:1800+30"]

1. d4 e6 2. c4 c5 3. d5 exd5 4. cxd5 d6 5. Nc3 g6 6. e4 Bg7 7. Nf3 a6 8. a4 Bg4 9. Be2 Bxf3 10. Bxf3 Nd7 11. O-O Ngf6 12. Bf4 Qe7 {[%emt 0:00:01] A70: Modern Benoni: 6 e4 g6 7 Nf3.} 13. e5 dxe5 {[%emt 0:00:02] [#]} 14. d6 $1 Qe6 15. Re1 O-O 16. Bxb7 {[%emt 0:03:48] A strong pair of Bishops.} Ra7 17. Bf3 {[%emt 0:04:20] [#]} Ne8 $146 ({Predecessor:} 17... Rb8 18. Re2 Rb6 19. Qe1 Ne8 20. Bd5 Qxd6 21. Rd1 Qf8 22. Be3 Rb4 23. Bc6 Nef6 {0-1 (56) Fedoseev,V (2687)-Indjic,A (2607) Chess.com INT 2021}) 18. Bg5 (18. Bd5 $5 Qf6 19. Be3 Nxd6 20. b4 $11) 18... Nxd6 19. Bd5 Qe8 20. a5 h6 21. Be3 Nf5 22. Ne4 Qe7 23. Qc2 Nxe3 24. Rxe3 (24. fxe3 $15 Kh7 25. Nc3) 24... Rb8 (24... Kh7 $17 {...f5 is the strong threat.} 25. Rc3 Rc7) 25. Rf3 $14 {[%emt 0:01:34][%mdl 1024] Prevents f5. White has compensation.} Rf8 26. Rc1 (26. Qb3 $1 $14) 26... Rc7 27. Qc4 Nb8 ({Better is} 27... Nf6 $11) 28. b4 (28. Nxc5 e4 29. Rg3 Bxb2 30. Rxg6+ Kh7 $19) 28... Kh7 29. Nxc5 (29. g4 $16) 29... f5 30. Rfc3 e4 31. R3c2 $36 {[%emt 0:00:03][%mdl 2048] White is pushing.} Rfc8 32. g3 Be5 ({Black should try} 32... h5 $14) 33. Qb3 $1 $16 Qe8 (33... h5 $16) 34. Bb7 (34. Bc4 $18) 34... Rd8 35. Bxa6 (35. Kg2 $16) 35... Rxc5 $4 36. Rxc5 $18 Nxa6 37. Rc6 Nb8 38. Re6 (38. Rb6 $1 $18) 38... Qf7 $16 {[%emt 0:00:03] Inhibits Qe6.} 39. Qc4 $1 Bb2 (39... Rd4 $16 {was necessary.} 40. Qc8 Rd8 41. Qxd8 Qxe6) 40. Rc2 $2 (40. Rb6 $1 $18 {is the precise move to win.} Qg7 41. Rc2) 40... Bg7 {[%emt 0:00:00] [#] And now ...Rd4 would win.} (40... Rd1+ $2 41. Kg2 $18) 41. a6 (41. Rxe4 $2 Rd1+ 42. Kg2 Qb7 $19) (41. Rb6 $1 $16 Qd7 42. Kg2) 41... Rd4 $1 $14 42. Qc8 (42. Qa2 $5 Rd1+ 43. Kg2 $11) 42... f4 {[%emt 0:00:58] ( -> ...Rd1+). The position is equal.} 43. Rc1 {[%emt 0:02:00][%cal Bc2c1,Bc1f1,Bf1f2][%mdl 32] [#] Prevents Rd1+. aiming for a7.} ({Don't blunder} 43. Rc7 $2 Rd1+ 44. Kg2 f3+ 45. Kh3 {[#]} Rd7 $1 46. Rxe4 (46. Rec6 $2 h5 $19) 46... Rxc7 $19) 43... fxg3 $1 44. hxg3 {[%emt 0:00:05] [#]} Rd2 $1 45. Rf1 {[%emt 0:00:23] [#] Active counter play!} Rxf2 $1 46. Rxf2 {[%emt 0:00:31] The board is on fire.} Bd4 {[%emt 0:00:01][%mdl 64] Pin} 47. Qb7 Nd7 $1 48. Ref6 Qxf6 {[%emt 0:00:28][%mdl 64] Pin} 49. Qxd7+ Kh8 50. Qc8+ Kh7 51. Qd7+ Kh8 {[%emt 0:00:05] White really could win this.  Weighted Error Value: White=0.31/Black=0.30} 1/2-1/2

[Event "Swietokrzyskie GM Chess-ch 2022"]
[Site "Zagnansk"]
[Date "2022.05.05"]
[Round "8.2"]
[White "Mikrut, IM Dariusz"]
[Black "Szpar, IM Milosz"]
[Result "1/2-1/2"]
[ECO "D25"]
[WhiteElo "2361"]
[BlackElo "2434"]
[Annotator "TA"]
[PlyCount "100"]
[EventDate "2022.04.29"]
[EventCountry "POL"]
[SourceTitle "playchess.com"]
[Source "ChessBase"]
[SourceQuality "1"]
[TimeControl "40/5400+30:1800+30"]

1. Nf3 d5 2. d4 Nf6 3. c4 dxc4 4. e3 Bg4 5. h3 Bh5 6. Bxc4 e6 7. Nc3 a6 8. g4 {[%emt 0:05:48] D22: Queen's Gambit Accepted: 3 Nf3 a6 4 e3.} Bg6 9. h4 Bb4 {[%emt 0:05:27] [#]} 10. Ne5 $146 {[%emt 0:13:40] White wants to play f3. White is slightly better.} ({Predecessor:} 10. h5 Be4 11. g5 Nd5 12. Bd2 Nxc3 13. bxc3 Be7 14. Rg1 g6 15. Ne5 Bxg5 16. Qg4 {1-0 (27) Elmquist,R-Shannon,P USA 1982}) 10... Nbd7 {[%emt 0:08:12] [#] Hoping for ...Nxe5.} 11. Nxg6 ({Don't go for} 11. Qa4 $2 Bxc3+ 12. bxc3 b5 $19) 11... hxg6 12. Qf3 b5 13. Bb3 c5 14. g5 Nh5 15. Qe4 (15. O-O $5 ) 15... Rc8 16. Bd2 O-O 17. a3 Ba5 18. Rd1 Qc7 19. Kf1 (19. d5 $11 c4 20. Bc2) 19... cxd4 20. exd4 Qb8 21. Rh3 Nb6 22. Ne2 Bxd2 23. Rxd2 Nc4 24. Rc2 Nd6 25. Qe5 Rxc2 26. Bxc2 {[%emt 0:00:04] [#]} Qc8 $1 27. Bb3 ({Wrong is} 27. Bxg6 $2 Nc4 28. Qc5 fxg6 $19) (27. Bd3 Nc4) 27... Nc4 28. Bxc4 bxc4 29. Qc5 Qxc5 30. dxc5 $11 {[%emt 0:00:05][%mdl 4096] Endgame Rc3 is the strong threat. KRN-KRN} Rc8 31. Rc3 Rxc5 32. b3 Kf8 33. Rxc4 Rxc4 34. bxc4 {[%emt 0:00:01] KN-KN} Ke7 {[%emt 0:00:18] And now ...Kd6 would win.} 35. Ke1 Kd6 {[%emt 0:02:43] Strongly threatening ...Kc5.} 36. Kd2 Kc5 37. Kd3 e5 38. f3 a5 39. Kc3 a4 40. Kd3 f5 (40... f6 $11 {remains equal.}) 41. gxf6 ({White must play} 41. Kc3 $16) 41... gxf6 {[%emt 0:16:40] The position is equal.} 42. Nc3 Nf4+ 43. Ke4 Kxc4 44. Nxa4 Kb3 45. Nc5+ Kxa3 46. Nd7 Ng2 47. Nxf6 Nxh4 48. Ng4 g5 49. Nxe5 Kb4 50. Nf7 Nxf3 {[%emt 0:00:07] Weighted Error Value: White=0.07 (flawless) /Black=0.11 (very precise)} 1/2-1/2

[Event "Swietokrzyskie GM Chess-ch 2022"]
[Site "Zagnansk"]
[Date "2022.05.05"]
[Round "8.3"]
[White "Pacan-Milej, FM Kosma"]
[Black "Chatalbashev, GM Boris"]
[Result "1/2-1/2"]
[ECO "A61"]
[WhiteElo "2404"]
[BlackElo "2539"]
[Annotator "TA"]
[PlyCount "82"]
[EventDate "2022.04.29"]
[EventCountry "POL"]
[SourceTitle "playchess.com"]
[Source "ChessBase"]
[SourceQuality "1"]
[TimeControl "40/5400+30:1800+30"]

1. d4 Nf6 2. c4 e6 3. Nf3 c5 4. d5 d6 5. Nc3 exd5 6. cxd5 g6 7. h3 Bg7 8. e4 O-O 9. Bd3 a6 10. O-O b5 11. Re1 {[%emt 0:00:53] 11.Bf4 is vanishing.} Nbd7 {[%emt 0:00:38] A70: Modern Benoni: 6 e4 g6 7 Nf3.} 12. Bf4 Qb6 13. Qd2 Re8 {[%emt 0:00:33] White is slightly better.} 14. Rab1 Bb7 15. a3 c4 16. Bc2 Nc5 {[%emt 0:00:09] [#]} 17. Be3 $146 ({Predecessor:} 17. Bh6 a5 18. Bxg7 Kxg7 19. Qd4 b4 20. g4 h6 21. h4 b3 22. g5 hxg5 23. hxg5 bxc2 24. gxf6+ {½-½ (58) Krumm,G (1990)-Blank,W (2204) GER email 2008}) 17... Rac8 18. Bd4 a5 19. b4 cxb3 $1 20. Bxb3 b4 21. axb4 axb4 22. Na4 $36 {[%emt 0:01:47][%mdl 2048] White fights for an advantage.} Qb5 (22... Nfxe4 $11 {keeps the balance.} 23. Nxb6 Nxd2 24. Nxc8 Rxc8 25. Nxd2 Bxd4) 23. Nxc5 $16 dxc5 24. Bxf6 Bxf6 25. e5 Bg7 {[%emt 0:00:09] [#]} 26. d6 $1 {[%emt 0:00:47] Threatens to win with d7.} c4 {[%emt 0:30:17] [#]} (26... Qd7 $16) 27. d7 $1 $18 cxb3 28. Rxb3 ({Resist} 28. dxe8=Q+ Rxe8 29. Rxb3 Bf8 $16) (28. dxc8=Q Rxc8 29. Rxb3 Bf8 $16) (28. dxe8=N Rxe8 29. Rxb3 Bf8 $16) 28... Bf8 {[%emt 0:00:14] [#]} 29. dxe8=Q {[%emt 0:01:24] 0x0.001e8273f1f2dp-1022s more active pieces.} ({Don't take} 29. dxc8=N Rxc8 30. Rd3 b3 $16) ({Don't do} 29. dxe8=R Rxe8 30. Qd3 Qd5 $16) ({White should try} 29. Rd3 $1) 29... Rxe8 $16 30. Reb1 (30. Rd3 $16) 30... Qa6 ({Black should play} 30... Bd5 $14) 31. Qf4 Bd5 32. Rxb4 (32. R3b2 $16) 32... Bxb4 $11 {[%emt 0:00:07] The position is equal.} 33. Rxb4 Qe2 34. Rb1 Bxf3 35. Qxf3 Qxf3 36. gxf3 Rxe5 {[%emt 0:00:06] KR-KR} 37. Rb4 Kg7 38. Kg2 Rf5 39. f4 Kh6 40. Kg3 Kh5 41. Rb7 h6 {[%emt 0:19:14] Weighted Error Value: White=0.10 (very precise) /Black=0.16 (very precise)} 1/2-1/2